Map: [ESL] Moondance

Players

Solar

  • Race: Zerg Zerg
  • League: Master
  • Spawn Location: 12:00

Astrea - Winner!

  • Race: Protoss Protoss
  • League: Grandmaster
  • Spawn Location: 6:00

Event: TSL 9

VOD

Have the link to the VOD?

Description

Time

  • Played on: Aug. 15, 2022, 7:29 a.m.
  • Length: 13:29

All games in this series

Show
View Real Time Build Order
Export as new Build Order

Solar Zerg 

Build Orders: Hatch First 

Get SALT Encoding   

  12  0:00  Drone  
  13  0:12  Overlord  
  13  0:17  Drone  
  14  0:30  Drone  
  14  0:32  Drone  
  16  0:48  Hatchery  
  15  0:51  Drone  
  15  0:54  Drone  
  17  0:57  Drone  
  18  1:08  Extractor  
  17  1:13  Spawning Pool  
  17  1:17  Drone  
  17  1:20  Drone  
  18  1:28  Drone  
  19  1:38  Drone  
  20  1:48  Overlord  
  20  2:00  Queen x2  
  20  2:01  Zergling x4  
  26  2:10  Drone  
  26  2:11  Drone  
  26  2:13  Metabolic Boost  
  28  2:21  Drone  
  28  2:22  Drone  
  30  2:36  Hatchery  
  29  2:38  Drone  
  30  2:45  Queen  
  30  2:49  Overlord  
  32  2:52  Drone  
  32  2:54  Drone  
  32  2:57  Drone  
  35  2:59  Drone  
  36  3:10  Drone x5  
  41  3:14  Queen  
  41  3:19  Overlord  
  43  3:21  Drone  
  44  3:28  Spore Crawler  
  44  3:29  Zergling x2  
  44  3:33  Overlord  
  44  3:41  Queen  
  44  3:42  Drone  
  44  3:43  Spore Crawler  
  44  3:44  Drone x2  
  48  3:49  Queen  
  48  3:51  Drone  
  48  3:54  Drone  
  52  3:59  Zergling x2  
  52  4:01  Drone x5  
  58  4:03  Zergling x2  
  58  4:08  Overlord  
  59  4:13  Drone  
  59  4:15  Drone x4  
  64  4:19  Queen  
  64  4:22  Drone  
  64  4:23  Overlord  
  66  4:30  Drone x5  
  71  4:33  Spore Crawler, Drone  
  71  4:35  Zergling x2  
  71  4:41  Zergling x2, Roach Warren, Extractor x2  
  69  4:47  Zergling x2  
  69  4:48  Zergling x8  
  69  4:50  Overlord  
  69  4:51  Zergling x2  
  75  4:53  Overlord  
  75  4:58  Overlord  
  75  5:00  Overlord  
  75  5:02  Overlord  
  75  5:04  Overlord  
  76  5:21  Roach x9  
  76  5:24  Roach  
  76  5:25  Roach  
  91  5:30  Zergling x8  
  91  5:32  Zergling x2  
  91  5:33  Zergling x2  
  91  5:35  Zergling x2  
  98  5:43  Zergling x6  
  98  5:44  Ravager x2  
  98  5:47  Zergling x2, Ravager  
  105  5:54  Zergling x4  
  106  5:58  Zergling x2  
  106  6:02  Zergling x12  
  112  6:06  Zergling x8  
  112  6:08  Ravager  
  118  6:11  Zergling x4  
  118  6:16  Zergling x2  
  118  6:20  Ravager  
  118  6:21  Zergling x4  
  116  6:26  Ravager x2  
  116  6:28  Zergling x2  
  116  6:31  Zergling x6  
  117  6:37  Zergling x6  
  110  6:41  Lair  
  110  6:44  Zergling x4  
  102  6:47  Zergling x6  
  102  6:51  Drone  
  102  6:53  Drone  
  99  6:56  Drone  
  99  7:01  Drone x4  
  99  7:05  Drone  
  99  7:07  Evolution Chamber  
  99  7:08  Drone, Extractor  
  103  7:10  Extractor  
  103  7:12  Drone x2, Hatchery, Ravager  
  103  7:13  Overlord  
  104  7:17  Drone x6, Extractor  
  109  7:24  Drone  
  109  7:27  Drone x2  
  109  7:29  Drone x3  
  115  7:38  Zerg Melee Weapons Level 1  
  115  7:39  Drone x2  
  115  7:40  Baneling Nest, Drone x3  
  115  7:41  Overseer  
  115  7:42  Roach  
  121  7:44  Glial Reconstitution  
  121  7:47  Overlord  
  121  7:48  Zergling x6  
  121  7:50  Overlord  
  124  7:53  Roach  
  126  7:59  Roach x4  
  126  8:04  Roach x2  
  138  8:08  Overlord  
  138  8:09  Drone x2  
  138  8:12  Roach  
  142  8:17  Zergling x2  
  143  8:21  Zergling x8  
  143  8:24  Zergling x2  
  143  8:25  Overlord  
  147  8:27  Zergling x6  
  147  8:33  Zergling x2  
  145  8:34  Roach  
  145  8:39  Roach x2  
  151  8:42  Centrifugal Hooks, Ravager  
  151  8:43  Zergling x2  
  151  8:44  Ravager  
  151  8:45  Ravager  
  151  8:46  Zergling x4  
  157  8:51  Zergling x8  
  157  8:54  Zergling x2  
  157  8:55  Zergling x10  
  167  8:59  Overlord  
  167  9:01  Overlord  
  167  9:03  Overlord  
  161  9:11  Roach x3  
  161  9:12  Overlord  
  161  9:14  Zergling x2  
  162  9:19  Zergling x10  
  162  9:23  Baneling x7, Ravager  
  168  9:25  Zergling x2  
  168  9:26  Zergling x4  
  168  9:29  Zergling x12  
  171  9:33  Zergling x6, Zerg Melee Weapons Level 2  
  171  9:35  Zergling x2  
  171  9:36  Zergling x2  
  167  9:40  Roach  
  169  9:46  Roach x3  
  169  9:47  Baneling x7  
  169  9:48  Baneling x25  
  169  9:49  Zergling x6  
  169  9:51  Zergling x4  
  180  9:55  Zergling x8  
  180  9:58  Zergling x6  
  186  10:04  Zergling x4  
  186  10:05  Zergling x4  
  187  10:07  Zergling x2  
  187  10:10  Zergling x2  
  187  10:13  Zergling x2  
  185  10:17  Drone x2  
  185  10:18  Zergling x6  
  185  10:20  Zergling x6, Infestation Pit  
  187  10:25  Zergling x8  
  187  10:28  Zergling x4  
  182  10:35  Zergling x10  
  167  10:38  Zergling x2  
  167  10:42  Zergling x2  
  152  10:43  Drone  
  152  10:44  Drone  
  152  10:45  Baneling x2  
  152  10:46  Baneling x3, Drone  
  152  10:47  Drone  
  152  10:50  Roach x4  
  152  10:52  Zergling x6  
  161  10:57  Zergling x6, Hydralisk Den  
  161  10:58  Zergling x2  
  161  11:03  Zergling x10  
  165  11:05  Drone, Hatchery  
  165  11:10  Hive  
  164  11:12  Drone x2  
  164  11:15  Drone  
  164  11:17  Drone  
  164  11:18  Zergling x6  
  164  11:20  Baneling x6  
  164  11:21  Drone  
  164  11:26  Drone, Evolution Chamber  
  164  11:27  Drone x2  
  164  11:29  Zergling x6  
  169  11:36  Zergling x2  
  169  11:37  Zergling x10  
  157  11:40  Zergling x8  
  157  11:43  Spore Crawler  
  159  11:47  Zergling x10  
  159  11:49  Overseer, Overlord  
  159  11:50  Drone  
  165  11:56  Drone  
  165  12:00  Zergling x8  
  170  12:01  Zergling x2  
  170  12:02  Zergling x2  
  168  12:09  Zergling x6  
  166  12:15  Zergling x8  
  166  12:18  Hydralisk  
  165  12:24  Zergling x14  
  165  12:26  Hydralisk x2  
  165  12:28  Zergling x4  
  171  12:31  Zergling x6  
  171  12:33  Hydralisk  
  171  12:34  Hydralisk  
  171  12:35  Zergling x2  
  172  12:40  Drone x5  
  166  12:47  Zergling x4  
  166  12:49  Zergling x6  
  162  12:53  Zergling x6  
  162  12:54  Baneling x4  
  162  12:55  Baneling x2  
  165  13:00  Zergling x10  
  165  13:03  Drone  
  165  13:04  Drone  
  164  13:07  Drone  
  164  13:12  Zergling x8  
Show
View Real Time Build Order
Export as new Build Order

Astrea Protoss - Winner!

Build Orders: 1 Gate Expand, Oracle Opening 

Get SALT Encoding   

  12  0:00  Probe  
  13  0:12  Probe  
  14  0:17  Pylon  
  14  0:24  Probe (Chrono Boost)  
  15  0:36  Probe (Chrono Boost)  
  15  0:37  Gateway  
  16  0:44  Probe (Chrono Boost)  
  16  0:47  Assimilator  
  17  0:51  Probe  
  18  1:03  Probe  
  19  1:15  Probe  
  20  1:23  Nexus  
  20  1:27  Probe  
  21  1:36  Cybernetics Core  
  21  1:43  Assimilator  
  21  1:44  Probe  
  22  1:51  Pylon  
  22  1:56  Probe  
  23  2:09  Probe (Chrono Boost)  
  23  2:12  Adept  
  26  2:18  Probe (Chrono Boost)  
  26  2:21  Stargate  
  27  2:23  Probe (Chrono Boost)  
  28  2:30  Warp Gate  
  28  2:35  Probe (Chrono Boost)  
  30  2:37  Probe (Chrono Boost)  
  30  2:43  Probe (Chrono Boost)  
  32  2:45  Probe (Chrono Boost)  
  32  2:50  Probe x2 (Chrono Boost)  
  34  3:01  Probe x2  
  34  3:02  Oracle (Chrono Boost)  
  39  3:12  Nexus  
  39  3:14  Probe  
  39  3:16  Probe  
  41  3:21  Pylon  
  41  3:26  Probe  
  42  3:28  Probe  
  42  3:31  Oracle (Chrono Boost)  
  46  3:39  Probe, Stalker  
  46  3:40  Probe  
  50  3:45  Assimilator  
  50  3:49  Pylon  
  50  3:51  Probe  
  50  3:52  Probe  
  50  3:54  Twilight Council  
  52  4:00  Gateway  
  52  4:03  Probe  
  52  4:04  Probe  
  54  4:11  Gateway  
  54  4:15  Probe, Gateway  
  55  4:17  Probe  
  55  4:22  Blink (Chrono Boost)  
  56  4:24  Adept  
  56  4:25  Probe  
  56  4:27  Probe  
  56  4:29  Probe  
  61  4:37  Probe  
  62  4:39  Probe  
  62  4:42  Probe  
  62  4:43  Forge  
  64  4:47  Stalker, Pylon  
  64  4:49  Probe  
  64  4:51  Probe  
  68  4:54  Probe  
  68  4:58  Stalker  
  71  5:00  Shield Battery  
  71  5:01  Probe  
  71  5:03  Probe  
  71  5:06  Probe  
  74  5:07  Stalker  
  74  5:13  Probe  
  77  5:14  Protoss Ground Weapons Level 1 (Chrono Boost)  
  77  5:15  Probe, Pylon  
  77  5:16  Stalker x2  
  79  5:25  Assimilator  
  79  5:26  Stalker, Pylon  
  79  5:28  Probe  
  83  5:34  Stalker  
  83  5:39  Stalker  
  83  5:40  Stalker  
  87  5:45  Nexus  
  87  5:50  Stalker  
  87  5:52  Probe x3, Pylon  
  87  5:56  Assimilator  
  92  6:07  Stalker x3  
  92  6:11  Shield Battery  
  95  6:12  Shield Battery  
  95  6:14  Stalker, Pylon  
  95  6:18  Probe  
  94  6:24  Probe  
  93  6:27  Probe  
  93  6:32  Stalker x3  
  100  6:33  Probe  
  98  6:40  Stalker  
  98  6:41  Probe  
  98  6:42  Probe  
  98  6:45  Probe  
  93  6:53  Probe  
  89  6:54  Probe  
  89  6:55  Stalker x3  
  89  6:58  Probe x2 (Chrono Boost)  
  98  7:03  Photon Cannon  
  98  7:05  Oracle  
  98  7:06  Shield Battery  
  103  7:09  Stalker  
  103  7:10  Shield Battery  
  103  7:11  Probe x3 (Chrono Boost)  
  103  7:13  Protoss Ground Weapons Level 2 (Chrono Boost)  
  107  7:15  Probe (Chrono Boost)  
  107  7:17  Shield Battery, Probe (Chrono Boost)  
  107  7:19  Probe (Chrono Boost)  
  107  7:20  Probe (Chrono Boost)  
  107  7:22  Probe  
  111  7:24  Stalker  
  111  7:25  Probe, Stalker  
  116  7:30  Probe x2  
  116  7:31  Forge  
  116  7:32  Charge  
  116  7:34  Probe  
  116  7:36  Stalker  
  121  7:37  Stalker  
  121  7:42  Probe x2  
  121  7:43  Pylon  
  126  7:46  Probe  
  126  7:49  Pylon  
  126  7:52  Gateway  
  126  7:53  Gateway  
  126  7:54  Gateway  
  126  7:57  Gateway  
  126  7:59  Gateway  
  126  8:04  Gateway  
  126  8:06  Stalker, Pylon  
  126  8:09  Zealot x2  
  132  8:15  Zealot  
  134  8:21  Robotics Facility  
  134  8:23  Protoss Ground Armor Level 1 (Chrono Boost)  
  134  8:31  Zealot  
  134  8:32  Zealot x2, Oracle (Chrono Boost)  
  134  8:33  Nexus  
  140  8:36  Pylon  
  140  8:39  Zealot  
  145  8:44  Pylon  
  145  8:48  Stalker x2  
  149  8:50  Pylon  
  149  8:53  Stalker x3, Pylon  
  155  9:02  Oracle  
  143  9:19  Observer (Chrono Boost)  
  143  9:20  Zealot x10  
  143  9:22  Probe x3  
  143  9:24  Probe  
  168  9:34  Probe x3  
  158  9:38  Observer (Chrono Boost)  
  158  9:39  Oracle (Chrono Boost)  
  158  9:43  Protoss Ground Weapons Level 3 (Chrono Boost)  
  158  9:44  Photon Cannon, Stalker x3  
  158  9:45  Shield Battery, Stalker x3  
  173  9:49  Photon Cannon  
  175  9:53  Warp Prism (Chrono Boost)  
  175  9:56  Probe x2  
  177  10:06  Nexus  
  159  10:09  Pylon  
  159  10:14  Oracle (Chrono Boost)  
  158  10:23  Stalker x8  
  168  10:31  Stalker  
  168  10:32  Stalker  
  172  10:38  Protoss Ground Armor Level 2 (Chrono Boost), Probe  
  170  10:43  Gateway  
  170  10:44  Gateway  
  170  10:45  Gateway  
  170  10:46  Gateway  
  170  10:49  Zealot x6  
  182  10:52  Oracle (Chrono Boost)  
  182  10:54  Pylon  
  185  11:07  Shield Battery, Zealot x3, Photon Cannon  
  191  11:16  Zealot x4  
  191  11:17  Photon Cannon  
  191  11:18  Photon Cannon  
  189  11:19  Shield Battery  
  189  11:22  Oracle  
  189  11:23  Zealot x2  
  194  11:25  Templar Archives  
  194  11:28  Assimilator  
  194  11:33  Stalker x3  
  194  11:42  Zealot x3  
  200  12:01  Oracle  
  197  12:06  Zealot x4  
  197  12:16  Zealot  
  197  12:17  Zealot x4  
  197  12:18  Zealot x2  
  191  12:22  Zealot x2  
  181  12:38  Zealot x8, Oracle  
  200  12:49  Photon Cannon  
  200  12:50  Photon Cannon  
  186  12:52  Photon Cannon  
  186  12:56  Assimilator  
  186  12:58  Zealot x7  
  196  12:59  Assimilator  
  198  13:06  Zealot, Gateway  
  198  13:10  Gateway  
  198  13:11  Zealot, Gateway  
  198  13:12  Zealot x4  
  198  13:14  Gateway  
Tags
 
Add a new tag
Caveats
  • Supply blocks, unpowered buildings, or Contaminate may cause inaccurate times.
  • Supply counts are checked every 10 seconds.